 Dungeon Crawl Stone Soup version 0.26-a0-610-g3e9335b (webtiles) character file.

Game seed: 5970010808939048016

1474 TheGoonsmith the Conjurer (level 8, -8/62 HPs)
             Began as a Green Draconian Conjurer on Sept 4, 2020.
             Mangled by a two-headed ogre
             ... wielding a +0 giant club
              (27 damage)
             ... on level 6 of the Dungeon.
             The game lasted 00:15:27 (7211 turns).

TheGoonsmith the Conjurer (DrCj)                    Turns: 7211, Time: 00:15:28

Health: -8/62      AC:  9    Str: 10    XL:     8   Next: 49%
Magic:  10/15      EV: 12    Int: 18    God:
Gold:   371        SH: 10    Dex: 12    Spells: 6/17 levels left

rFire    . . .     SeeInvis .   e - +2 dagger (speed)
rCold    . . .     Faith    .   j - +0 buckler
rNeg     . . .     Spirit   .   (armour unavailable)
rPois    +         Reflect  +   (helmet restricted)
rElec    .         Harm     .   v - +2 cloak {Stlth+}
rCorr    .                      (no gloves)
MR       +....                  (no boots)
Stlth    ++........             u - amulet of reflection (curse)
HPRegen  0.20/turn              s - ring of protection from magic
MPRegen  0.14/turn              (no ring)

@: short of breath
A: breathe noxious fumes, unfitting armour, poison resistance, cold-blooded, AC
+6
a: Breathe Noxious Fumes


You were on level 6 of the Dungeon.
You visited 1 branch of the dungeon, and saw 6 of its levels.
You also visited: Sewer.

You collected 371 gold pieces.

Inventory:

Hand Weapons
 a - a +0 hand axe
 e - a +2 dagger of speed (weapon)
Missiles
 f - 17 poisoned darts (quivered)
Armour
 j - a +0 buckler (worn)
 v - a +2 cloak of stealth (worn)
Magical Staves
 r - an uncursed staff of air {unknown}
Jewellery
 s - a ring of protection from magic (left hand)
 t - an uncursed amulet of reflection
 u - a cursed amulet of reflection (around neck)
Scrolls
 d - 2 scrolls of blinking
 l - 3 scrolls of identify
 m - a scroll of teleportation
 o - 2 scrolls of amnesia
 w - a scroll of enchant weapon {unknown}
 x - a scroll of vulnerability {unknown}
Potions
 b - 3 potions of stabbing
 c - 3 potions of haste {unknown}
 g - 2 potions of invisibility {unknown}
 h - 3 potions of curing {unknown}
 i - 2 potions of heal wounds {unknown}
 k - 4 potions of flight {unknown}
 n - a potion of degeneration {unknown}
 p - a potion of brilliance {unknown}
 q - 3 potions of lignification {unknown}
 z - a potion of ambrosia {unknown}


   Skills:
 - Level 2.3 Fighting
 + Level 1.9 Short Blades
 - Level 2.0 Dodging
 - Level 2.0 Stealth
 - Level 4.0 Shields
 - Level 5.0 Spellcasting
 + Level 7.4 Conjurations
 - Level 2.0 Hexes
 - Level 3.0 Translocations


You had 6 spell levels left.
You knew the following spells:

 Your Spells              Type           Power        Failure   Level
a - Magic Dart            Conj           ####         1%          1
b - Searing Ray           Conj           ####..       1%          2
c - Fulminant Prism       Conj/Hex       ###.......   19%         4
d - Iskenderun's Mystic   Conj/Tloc      ###.....     16%         4

Your spell library contained the following spells:

 Spells                   Type           Power        Failure   Level
 Dazzling Flash           Conj/Hex       ###...       6%          3


Dungeon Overview and Level Annotations

Branches:
Dungeon (6/15)              Sewer (visited)
 Temple: D:4-7

Altars:


Innate Abilities, Weirdness & Mutations

You can breathe blasts of noxious fumes.
Your lurid green scales are hard. (AC +6)
You cannot fit into any form of body armour.
Your system is resistant to poisons. (rPois)
You are cold-blooded and may be slowed by cold attacks.


Message History

Confirm with . or Enter, or press ? or * to list all spells.
Aiming: Searing Ray (safe; 1% risk of failure)
Press: ? - help, Shift-Dir - straight line, f/p - two-headed ogre
Aim: a two-headed ogre, wielding two +0 giant clubs (heavily wounded, confused)
The searing ray hits the two-headed ogre.
The two-headed ogre is heavily wounded. (Press . to maintain the ray.)
The searing ray hits the two-headed ogre!
The two-headed ogre is severely wounded.
The two-headed ogre hits you with a +0 giant club!!
You block the two-headed ogre's attack.
The searing ray hits the two-headed ogre.
The two-headed ogre is severely wounded.
The two-headed ogre barely misses you.
The two-headed ogre hits you with a +0 giant club!
The searing ray hits the two-headed ogre!
The two-headed ogre is almost dead.
You finish channeling your searing ray.
The two-headed ogre hits you with a +0 giant club!!
You die...

### #.. #.# ##.##
... #O# ##@##
######### #...#
#.......# #.(.#
#.......# #...#
#.......#
###.#####.......#
#....##.......#
####.##.......##
#.##[)).....#
#.###.#.###.#


You could see a two-headed ogre (confused).

Vanquished Creatures
  Grinder (D:3)
  Edmund (D:5)
  Duvessa (D:6)
  An ice beast (D:5)
  2 ogres (D:4)
  A bullfrog (Sewer)
  Dowan (D:6)
  A scorpion (D:5)
  A hound (D:5)
  A jelly (D:5)
  An orc wizard (D:3)
  2 orc priests (D:3)
  Crazy Yiuf (D:5)
  Natasha (thrice) (D:2)
  2 worker ants (D:5)
  A hound skeleton (D:5)
  6 adders
  A white imp (D:5)
  An ufetubus (D:5)
  10 oozes
  6 worms
  3 dart slugs
  19 leopard geckos
  16 orcs
  7 bats
  16 giant cockroaches
  12 goblins
  5 hobgoblins
  8 jackals
  A quokka (D:2)
  13 ball pythons
  13 frilled lizards
  A jackal skeleton (D:4)
  7 kobolds
  A leopard gecko skeleton (D:4)
  A quokka skeleton (D:5)
  10 rats
178 creatures vanquished.

Notes
Turn   | Place    | Note
-------+----------+-------------------------------------------
     0 | D:1      | TheGoonsmith the Draconian Conjurer began the quest for the
                  | Orb.
     0 | D:1      | Reached XP level 1. HP: 14/14 MP: 3/3
   273 | D:1      | Reached XP level 2. HP: 20/20 MP: 1/5
   507 | D:1      | Learned a level 2 spell: Searing Ray
   909 | D:1      | Reached XP level 3. HP: 26/26 MP: 4/6
  1611 | D:2      | Reached skill level 1 in Shields
  1690 | D:2      | Reached XP level 4. HP: 29/33 MP: 4/8
  1924 | D:2      | Noticed Natasha
  1932 | D:2      | Killed Natasha
  2103 | D:2      | Reached skill level 5 in Conjurations
  2188 | D:2      | Noticed Natasha
  2196 | D:2      | Killed Natasha
  2196 | D:2      | Reached XP level 5. HP: 38/38 MP: 1/9
  2248 | D:2      | Noticed Natasha
  2254 | D:2      | Killed Natasha
  2632 | D:3      | Noticed Grinder
  2657 | D:3      | HP: 1/38 [Grinder (2)]
  2658 | D:3      | Killed Grinder
  2658 | D:3      | Reached XP level 6. HP: 1/45 MP: 0/10
  2736 | D:3      | Found a glowing drain.
  2901 | Sewer    | Entered a sewer
  2984 | Sewer    | Reached skill level 6 in Conjurations
  2990 | Sewer    | Learned a level 4 spell: Fulminant Prism
  2995 | Sewer    | Learned a level 4 spell: Iskenderun's Mystic Blast
  3298 | Sewer    | Reached skill level 1 in Fighting
  4022 | Sewer    | Your scales start taking on a lurid green colour.
  4022 | Sewer    | Reached XP level 7. HP: 46/55 MP: 3/12
  4022 | Sewer    | Gained mutation: Your system is resistant to poisons.
                  | (rPois) [Green Draconian growth]
  5279 | D:4      | Reached skill level 5 in Spellcasting
  5527 | D:4      | Reached skill level 1 in Translocations
  6012 | D:5      | Entered Level 5 of the Dungeon
  6021 | D:5      | Reached skill level 1 in Hexes
  6196 | D:5      | Reached XP level 8. HP: 24/62 MP: 3/15
  6438 | D:5      | Found a runed translucent door.
  6439 | D:5      | Noticed Crazy Yiuf
  6445 | D:5      | Killed Crazy Yiuf
  6731 | D:5      | Noticed Edmund
  6760 | D:5      | Killed Edmund
  6760 | D:5      | Reached skill level 7 in Conjurations
  6976 | D:6      | Noticed Duvessa
  6986 | D:6      | Noticed Dowan
  7009 | D:6      | Killed Duvessa
  7009 | D:6      | Reached skill level 1 in Short Blades
  7016 | D:6      | Killed Dowan
  7197 | D:6      | Noticed a two-headed ogre
  7211 | D:6      | Mangled by a two-headed ogre

Illustrated notes

Levels and vault maps discovered:
D:1:      co_arrival_square_in_a_square_in_a_square, layout_basic,
          serial_corexii_hall, chequers_hall_statues_corner_a,
          chequers_hall_statues_y, grunt_decor_mini_mirrors
D:2:      layout_loops_cross, uniq_natasha
D:3:      cheibrodos_pilgrimage, layout_basic, cheibrodos_sewer_entry_sluice,
          kennysheep_generic_room_5, uniq_grinder
D:4:      layout_basic, kennysheep_generic_room_15
D:5:      layout_basic, item_on_display_b, uniq_crazy_yiuf_cottage, uniq_edmund
D:6:      layout_loops_cross, temple_hall, uniq_duvessa

Skill      XL: |  1  2  3  4  5  6  7  8 |
---------------+-------------------------+-----
Stealth        | 2 |  2.0
Dodging        | 2 |  2.0
Shields        | 1 2 4 |  4.0
Spellcasting   | 3 5 |  5.0
Conjurations   | 5 6 7 |  7.4
Fighting       | 2 |  2.3
Translocations | 2 3 |  3.0
Hexes          | 1 2 |  2.0
Short Blades   | 1 |  1.9

Action                   |  1- 3 |  4- 6 |  7- 9 || total
-------------------------+-------+-------+-------++-------
Melee: Hand axe          |     9 |       |       ||     9
       Dagger            |    26 |    33 |    88 ||   147
       Tailslap          |     1 |     4 |     6 ||    11
 Cast: Magic Dart        |    68 |   164 |   128 ||   360
       Searing Ray       |       |     4 |    11 ||    15
 Abil: Breathe Noxious F |       |       |    13 ||    13
  Use: Scroll            |       |     2 |     5 ||     7
 Stab: Confused          |       |       |     4 ||     4
Armor: Skin              |     9 |     8 |    12 ||    29
Dodge: Dodged            |    26 |    22 |    34 ||    82
Block: Buckler           |     4 |    10 |    35 ||    49
       Reflection        |       |       |     1 ||     1

Table legend: (Time is in decaauts)
 A = Elapsed time spent in this place.
 B = Non-inter-level travel time spent in this place.
 C = Inter-level travel time spent in this place.
 D = Time resting spent in this place.
 E = Time spent auto-exploring this place.
 F = Levels seen in this place.
 G = Mean time per level.
                   A        B        C        D        E       F      G
               +--------+--------+--------+--------+--------+-----+--------+
         Total |   7233 |   7019 |    214 |    396 |   5642 |   7 | 1033.3 |
       Dungeon |   5956 |   5742 |    214 |    382 |   4615 |   6 |  992.7 |
         Sewer |   1277 |   1277 |      0 |     14 |   1027 |   1 | 1277.0 |
               +--------+--------+--------+--------+--------+-----+--------+

Top non-repeatable levels by time:
     D:1: 1430 daAuts
     D:3: 1381 daAuts
   Sewer: 1277 daAuts
     D:2: 1172 daAuts
     D:5: 916 daAuts
     D:4: 804 daAuts
     D:6: 250 daAuts
